AoeStats
← Gesius

Arena

510835140Analyzed
4v4 RM · 1d ago on Oct 2, 2026· 58m 38s· 8 players
Game mode
Random Map
Map size
Large (8 player)
Population
200
Speed
Normal
Resources
Standard
Victory
Conquest
Starting age
Dark Age
Ending age
Imperial Age
RankedLock teamsTeams togetherTeam positionsShared explorationLock speedFull tech treeHidden civsTurbo modeCheats
Victory
Defeat
🇺🇸 Britons · United States
1458
+13
🇨🇦 Franks · Canada
1446
+13
🇺🇸 Vikings · United States
1430
+14
🇨🇿 Celts · Czechia
1365
+17
🇮🇩 Khmer · Indonesia
1402
-15
🇮🇹 Gurjaras · Italy
1377
-14
🇩🇪 Maya · Germany
1377
-14
🇰🇷 Koreans · South Korea
1372
-14
Jac
0:26 Loom
10:53 Feudal Age
15:43 Castle Age
13:55 Horse Collar
14:37 Double-Bit Axe
14:57 Gold Mining
16:58 Forging
17:13 Fletching
30:20 Scale Mail Armor
33:36 Bodkin Arrow
37:52 Ballistics
38:48 Chain Mail Armor
39:49 Iron Casting
40:15 Murder Holes
48:57 Imperial Age
47:28 Heavy Plow
48:14 Masonry
49:40 Bracer
50:57 Plate Mail Armor
49:54 Elite Chakram Thrower
51:00 Bloodlines
50:51 Husbandry
52:11 Light Cavalry
53:16 Conscription
53:52 Wheelbarrow
53:08 Arson
54:59 Scale Barding Armor
54:17 Hussar
57:03 Chain Barding Armor
kdu0687
10:56 Feudal Age
15:29 Castle Age
13:28 Double-Bit Axe
13:27 Horse Collar
14:31 Gold Mining
15:51 Wheelbarrow
16:59 Bow Saw
16:57 Heavy Plow
22:52 Stone Mining
26:05 Stone Shaft Mining
26:51 Fortified Wall
26:36 Murder Holes
27:17 Treadmill Crane
31:05 Imperial Age
28:29 Fletching
29:52 Pikeman
31:09 Loom
32:02 Bodkin Arrow
35:41 Hand Cart
37:36 Squires
37:38 Bracer
37:50 Forging
37:40 Scale Mail Armor
37:09 Crossbowman
38:28 Thumb Ring
38:50 Ballistics
39:10 Arrowslits
40:12 Iron Casting
39:38 Scale Mail Armor
40:06 Conscription
41:07 Chemistry
40:07 Arbalester
41:23 Eupseong
43:30 Chain Mail Armor
42:41 Halberdier
46:05 Elite Skirmisher
AOE2.GG | NONO
0:27 Loom
10:54 Feudal Age
16:07 Castle Age
14:53 Double-Bit Axe
14:55 Horse Collar
29:04 Wheelbarrow
42:17 Eagle Warrior
43:53 Squires
44:56 Scale Mail Armor
45:06 Forging
48:05 Chain Mail Armor
48:25 Iron Casting
51:27 Hand Cart
51:33 Town Watch
Embege
10:13 Feudal Age
13:11 Castle Age
11:22 Double-Bit Axe
11:31 Horse Collar
14:11 Bow Saw
14:34 Heavy Plow
19:41 Wheelbarrow
18:53 Loom
20:47 Gold Mining
27:46 Imperial Age
25:33 Hand Cart
26:15 Gold Shaft Mining
25:32 Stone Mining
26:07 Scale Barding Armor
26:12 Forging
27:22 Chain Barding Armor
27:14 Bloodlines
27:04 Husbandry
28:37 Iron Casting
27:59 Elite Battle Elephant
29:32 Plate Barding Armor
29:46 Crop Rotation
29:55 Stone Shaft Mining
31:39 Ballistics
32:19 Chemistry
31:56 Conscription
31:45 Tusk Swords
33:24 Blast Furnace
32:16 Fletching
33:03 Heavy Scorpion
33:19 Capped Ram
44:42 Light Cavalry
47:57 Hussar
Im2Good4YoMoma
10:33 Feudal Age
11:34 Double-Bit Axe
14:27 Castle Age
12:45 Gold Mining
15:46 Bow Saw
15:46 Scale Barding Armor
16:11 Forging
23:52 Wheelbarrow
23:02 Loom
25:16 Hand Cart
25:52 Chain Barding Armor
26:34 Iron Casting
26:20 Husbandry
31:10 Imperial Age
29:03 Town Watch
31:28 Cavalier
33:10 Blast Furnace
32:46 Plate Barding Armor
34:38 Paladin
36:42 Conscription
38:10 Siege Engineers
39:07 Chemistry
38:13 Siege Engineers
38:29 Ballistics
38:02 Fletching
47:14 Light Cavalry
Gesius
10:10 Feudal Age
14:00 Castle Age
12:34 Double-Bit Axe
12:50 Horse Collar
13:25 Fletching
14:27 Loom
18:27 Bodkin Arrow
25:45 Crossbowman
27:23 Bow Saw
29:10 Padded Archer Armor
31:07 Ballistics
31:45 Heavy Plow
37:06 Imperial Age
35:14 Wheelbarrow
36:19 Leather Archer Armor
35:47 Treadmill Crane
36:17 Masonry
36:14 Gold Mining
36:16 Stone Mining
36:50 Fervor
37:02 Sanctity
38:04 Gold Shaft Mining
37:59 Bracer
39:06 Chemistry
38:40 Conscription
39:22 Block Printing
38:53 Arbalester
40:34 Yeomen
40:13 Elite Skirmisher
41:56 Capped Ram
44:20 Ring Archer Armor
44:40 Architecture
44:16 Siege Engineers
47:05 Warwolf
48:34 Theocracy
48:54 Elite Longbowman
58:00 Hand Cart
58:55 Two-Man Saw
WILL_THE_AVERAGE
10:42 Feudal Age
14:35 Castle Age
12:44 Double-Bit Axe
12:54 Horse Collar
15:47 Bow Saw
15:55 Town Watch
17:12 Loom
18:50 Fletching
22:59 Crossbowman
23:38 Bodkin Arrow
29:22 Gold Mining
29:23 Stone Mining
34:28 Imperial Age
32:38 Padded Archer Armor
35:07 Forging
34:57 Scale Mail Armor
35:49 Bracer
37:13 Chemistry
36:34 Ballistics
44:23 Heavy Plow
45:17 Gold Shaft Mining
53:43 Scale Mail Armor
54:18 Iron Casting
54:32 Squires
56:57 Pikeman
57:57 Chain Mail Armor
59:13 Crop Rotation
LLSM
10:00 Feudal Age
14:26 Castle Age
13:13 Double-Bit Axe
15:35 Horse Collar
16:09 Bow Saw
20:43 Loom
21:46 Wheelbarrow
21:08 Pikeman
25:09 Scale Mail Armor
25:44 Gold Mining
26:44 Chain Mail Armor
26:39 Forging
27:18 Hand Cart
29:44 Iron Casting
30:20 Fletching
33:26 Imperial Age
30:42 Town Watch
33:26 Stronghold
34:13 Bodkin Arrow
34:10 Halberdier
35:24 Plate Mail Armor
35:55 Blast Furnace
34:27 Onager
35:30 Conscription
36:55 Furor Celtica
38:32 Siege Onager
41:33 Padded Archer Armor
54:43 Ballistics
55:24 Chemistry
54:19 Elite Woad Raider
58:37 Siege Engineers
Connection lost

Rejoining the realm…

Still unreachable

The connection could not be restored.

Session expired

The server has moved on; the page needs a fresh start.